 Dungeon Crawl Stone Soup version 0.25-a0-322-g3677130cb1 (webtiles) character file.

Game seed: 8878399311874421505, levelgen mode: deterministic

2629 wullow the Slicer (level 9, -1/72 HPs)
             Began as a Human Fighter on Dec 27, 2019.
             Was a Priest of Elyvilon.
             Slain by Joseph
             ... wielding a +0 quarterstaff
              (15 damage)
             ... on level 8 of the Dungeon.
             The game lasted 00:17:39 (7558 turns).

wullow the Slicer (Human Fighter)                   Turns: 7558, Time: 00:17:39

Health: -1/72      AC:  9    Str: 17    XL:     9   Next: 92%
Magic:  6/9        EV:  7    Int: 10    God:    Elyvilon [***...]
Gold:   261        SH: 10    Dex: 14    Spells: 8/8 levels left

rFire    . . .     SeeInvis .   a - +0 rapier
rCold    . . .     Gourm    .   c - +0 shield
rNeg     . . .     Faith    .   b - +0 scale mail
rPois    +         Spirit   .   (no helmet)
rElec    .         Reflect  .   w - +0 cloak
rCorr    .         Harm     .   l - +0 pair of gloves
MR       .....                  (no boots)
Stlth    ..........             (no amulet)
HPRegen  0.22/turn              n - ring of poison resistance
MPRegen  0.11/turn              (no ring)

@: no status effects
A: no striking features
a: Lesser Healing, Heal Other, Purification, Divine Protection, Renounce
Religion


You were on level 8 of the Dungeon.
You worshipped Elyvilon.
Elyvilon was most pleased with you.
You were hungry.

You visited 2 branches of the dungeon, and saw 9 of its levels.

You collected 294 gold pieces.
You spent 33 gold pieces at shops.

Inventory:

Hand Weapons
 a - a +0 rapier (weapon)
 q - a +0 hunting sling
 s - a +1 war axe of venom
 D - a +2 whip of venom
Missiles
 g - 30 sling bullets
 k - 240 stones
 m - 69 poisoned darts (quivered)
 y - 8 silver javelins
Armour
 b - a +0 scale mail (worn)
 c - a +0 shield (worn)
 l - a +0 pair of gloves (worn)
 o - a cursed +0 robe
 w - a +0 cloak (worn)
Jewellery
 n - a ring of poison resistance (left hand)
 z - an uncursed amulet of faith {unknown}
Wands
 A - a wand of polymorph (4)
 F - a wand of flame (10)
Scrolls
 d - a scroll of enchant weapon {unknown}
 h - 3 scrolls of teleportation
 i - a scroll of magic mapping {unknown}
 j - 8 scrolls of identify
 t - a scroll of random uselessness {unknown}
 u - a scroll of immolation {unknown}
 x - a scroll of holy word {unknown}
 B - a scroll of noise {unknown}
Potions
 e - 2 potions of agility
 p - 2 potions of lignification
 r - a potion of curing
 v - a potion of invisibility {unknown}
 C - a potion of mutation {unknown}
 E - 3 potions of degeneration {unknown}
 G - a potion of ambrosia {unknown}
Comestibles
 f - 14 rations


   Skills:
 + Level 7.4 Fighting
 + Level 8.6 Short Blades
 - Level 3.0 Armour
 + Level 7.4 Shields
 + Level 1.3 Invocations


You had 8 spell levels left.
You didn't know any spells.
Your spell library was empty.

Dungeon Overview and Level Annotations

Branches:
Dungeon (8/15)             Temple (1/1) D:7
   Lair: D:8-11

Altars:
Ashenzari
Cheibriados
Dithmenos
Elyvilon
Fedhas
Gozag
Hepliaklqana
Kikubaaqudgha
Makhleb
Nemelex Xobeh
Okawaru
Qazlal
Ru
Sif Muna
Trog
Uskayaw
Wu Jian
Xom
Yredelemnul
Zin
The Shining One

Shops:
D:4 *:[

Annotations:
D:3 exclusion: downstairs
D:4 2 transporters
D:8 Joseph


Message History

You hit Joseph.
Joseph is almost dead.
You block Joseph's attack.
You hit Joseph.
Joseph is almost dead.
Joseph hits you with a +0 quarterstaff!
* * * LOW HITPOINT WARNING * * *
You are healed.
You are feeling hungry.
You are healed.
You feel somewhat more hungry. You block Joseph's attack.
You closely miss Joseph.
Joseph is almost dead.
Joseph hits you with a +0 quarterstaff.
* * * LOW HITPOINT WARNING * * *
You hit Joseph but do no damage.
Joseph is almost dead.
You block Joseph's attack.
You are healed.
You feel somewhat more hungry. Joseph hits you with a +0 quarterstaff!
You die...

#.###.#...## #.# #.# ##...##
#.########### #.# ##..#
#...........# #.# ##..###
###########.# #.# #...☼.#####
###.# #.# #§.°..☼§...# #...#
###.# #○○.°§§# #.# #.###
#..÷# #...§§## #.# #.# #.#.#
#(.@@(# #.# #.# #.#.# ##°####
#.# #.# #.#.# #§# #.# #.###
#.#># #§# #.# #.##. #<#.##
#§#######.######.#.. #....##
#.##................
##.....###.##.###..########..
#.............# #..........#.
##.<...###.#..###.########...


You could see Joseph.

Vanquished Creatures
  Prince Ribbit (D:7)
  Grinder (D:4)
  Sigmund (D:3)
  A wyvern (D:8)
  Menkaure (D:4)
  Edmund (D:6)
  2 sky beasts (D:6)
  A black bear (D:6)
  2 ogres
  A centaur (D:7)
  A necrophage (D:6)
  A big kobold (D:8)
  2 bullfrogs
  A scorpion (D:5)
  A centaur skeleton (D:4)
  A centaur zombie (D:7)
  4 hounds
  7 orc wizards
  6 worker ants
  5 hound skeletons
  16 adders
  A shadow imp (D:5)
  2 oozes
  An adder skeleton (D:4)
  An adder zombie (D:5)
  5 worms
  A dart slug (D:1)
  3 leopard geckos
  14 orcs
  3 ball pythons
  5 giant cockroaches
  8 hobgoblins
  6 jackals
  9 kobolds
  5 quokkas
  4 bats
  8 frilled lizards
  6 goblins
  A jackal skeleton (D:4)
  8 rats
148 creatures vanquished.

Vanquished Creatures (others)
  An orc wizard (D:6)
1 creature vanquished.

Grand Total: 149 creatures vanquished

Notes
Turn   | Place    | Note
-------+----------+-------------------------------------------
     0 | D:1      | wullow the Human Fighter began the quest for the Orb.
     0 | D:1      | Reached XP level 1. HP: 18/18 MP: 1/1
   109 | D:1      | Reached XP level 2. HP: 24/24 MP: 2/2
   423 | D:1      | Reached XP level 3. HP: 29/29 MP: 3/3
   934 | D:2      | Found a shimmering altar of Xom.
  1115 | D:2      | Reached XP level 4. HP: 36/37 MP: 4/4
  1347 | D:2      | Reached skill level 3 in Short Blades
  1365 | D:2      | Found a glowing silver altar of Zin.
  1430 | D:2      | Found a sacrificial altar of Ru.
  1430 | D:2      | Found a white marble altar of Elyvilon.
  1433 | D:2      | Became a worshipper of Elyvilon the Healer
  1806 | D:3      | Reached XP level 5. HP: 22/42 MP: 5/5
  1999 | D:3      | Noticed Sigmund
  2009 | D:3      | Killed Sigmund
  2009 | D:3      | Reached XP level 6. HP: 17/49 MP: 6/6
  2196 | D:3      | Reached skill level 4 in Short Blades
  2494 | D:4      | Found Apsi's Antique Armour Emporium.
  2536 | D:4      | Noticed Grinder
  2574 | D:4      | Paralysed by Grinder for 6 turns
  2594 | D:4      | Killed Grinder
  2594 | D:4      | Reached skill level 5 in Fighting
  2594 | D:4      | Reached skill level 5 in Shields
  2594 | D:4      | Reached XP level 7. HP: 32/56 MP: 7/7
  2747 | D:4      | Noticed Menkaure
  2748 | D:4      | Found Burghe's General Store.
  3024 | D:4      | HP: 3/84 [Menkaure (11)]
  3028 | D:4      | Killed Menkaure
  3028 | D:4      | Reached skill level 5 in Short Blades
  3028 | D:4      | Reached XP level 8. HP: 3/63 MP: 8/8
  3339 | D:4      | Bought a scroll of teleportation for 33 gold pieces
  3363 | D:4      | Found Naopnudu's Book Shoppe.
  3411 | D:4      | Found a transporter.
  3413 | D:4      | Noticed a fire bat
  3414 | D:4      | Noticed a fire bat
  3613 | D:4      | Reached * piety under Elyvilon
  3661 | D:4      | Found a transporter.
  3762 | D:5      | Entered Level 5 of the Dungeon
  3931 | D:5      | Reached skill level 6 in Short Blades
  4096 | D:5      | Reached ** piety under Elyvilon
  4379 | D:5      | Found an opulent altar of Gozag.
  4931 | D:6      | Reached XP level 9. HP: 47/71 MP: 9/9
  5066 | D:6      | Reached skill level 7 in Short Blades
  5340 | D:6      | Noticed Edmund
  5358 | D:6      | Killed Edmund
  5497 | D:6      | Found a sparkling altar of Nemelex Xobeh.
  5799 | D:7      | Reached skill level 8 in Short Blades
  6156 | D:7      | Found an iron altar of Okawaru.
  6208 | D:7      | Noticed Prince Ribbit
  6261 | D:7      | Killed Prince Ribbit
  6669 | D:7      | Reached *** piety under Elyvilon
  6791 | D:7      | Found a staircase to the Ecumenical Temple.
  6796 | Temple   | Entered the Ecumenical Temple
  7111 | D:8      | Reached skill level 1 in Invocations
  7514 | D:8      | Noticed Joseph
  7553 | D:8      | HP: 3/72 [Joseph/+0 quarterstaff (8)]
  7558 | D:8      | Slain by Joseph

Levels and vault maps discovered:
D:1:      matt_arrival_grand_opening, layout_loops_ring
D:2:      layout_loops_ring, lemuel_doored_altar, zin_scriptorium,
          gammafunk_temple_overflow_elements, chequers_decorated_corner,
          minmay_domino_4
D:3:      layout_rooms, first_ration, uniq_sigmund
D:4:      gammafunk_cloud_chamber, layout_basic, serial_shops, shop,
          nicolae_shop_trees, shop, serial_park_tiny_2, uniq_grinder,
          uniq_menkaure
D:5:      layout_basic, overflow_temple_1_default
D:6:      layout_basic, nemelex_diamond_rough_becter, uniq_edmund
D:7:      layout_cave_pools, okawaru_trees_1, minmay_temple_entry_glassed_door,
          uniq_prince_ribbit1
D:8:      layout_loops_ring, vehumet_crystals, blue_anna_alchemist
          [blue_anna_fruit_fields, blue_anna_fruit_fields], lightli_minifort,
          uniq_joseph
Temple:   regret_index_temple_generic_petals

Skill      XL: |  1  2  3  4  5  6  7  8  9 |
---------------+----------------------------+-----
Short Blades   | 3 4 5 6 8 |  8.6
Fighting       | 4 5 6 7 |  7.4
Shields        | 4 5 6 7 |  7.4
Invocations    | 1 |  1.3
Armour         | |  3.0

Action                   |  1- 3 |  4- 6 |  7- 9 || total
-------------------------+-------+-------+-------++-------
Melee: Rapier            |   122 |   193 |   509 ||   824
Throw: Dart              |       |       |    13 ||    13
Invok: Divine Protection |       |       |     1 ||     1
       Lesser Healing    |       |       |     9 ||     9
Evoke: Wand              |       |       |     1 ||     1
  Use: Potion            |       |     2 |     1 ||     3
       Scroll            |       |     3 |       ||     3
  Eat: Chunk             |     1 |     5 |    10 ||    16
       Ration            |       |       |     2 ||     2
Armor: Scale mail        |    54 |    68 |   155 ||   277
       Skin              |       |       |     2 ||     2
Dodge: Dodged            |    23 |    46 |   110 ||   179
Block: Shield            |    60 |   108 |   217 ||   385

Table legend:
 A = Non-vault XP
 B = Vault XP
 C = Vault XP percentage of total XP
 D = Non-vault monster count
 E = Vault monster count
 F = Vault count percentage of total count
                 A         B        C        D         E       F
            +---------+---------+-------+---------+---------+-------
      Total |    2524 |    1232 |  32.8 |     139 |       9 |   6.1
            +---------+---------+-------+---------+---------+-------
        D:1 |      42 |       0 |   0.0 |      24 |       0 |   0.0
        D:2 |      54 |      17 |  23.9 |      17 |       3 |  15.0
        D:3 |     122 |     220 |  64.3 |      30 |       1 |   3.2
        D:4 |     319 |     446 |  58.3 |      14 |       2 |  12.5
        D:5 |     377 |       0 |   0.0 |      16 |       0 |   0.0
        D:6 |     950 |     166 |  14.9 |      22 |       1 |   4.3
        D:7 |     433 |     286 |  39.8 |      14 |       1 |   6.7
        D:8 |     227 |      97 |  29.9 |       2 |       1 |  33.3
            +---------+---------+-------+---------+---------+-------
